 Dungeon Crawl Stone Soup version 0.19-a0-944-gb338e1e (webtiles) character file.

73 Magifyre the Chopper (level 4, -2/42 HPs)
             Began as a Gargoyle Berserker on July 8, 2016.
             Was a Believer of Trog.
             Slain by a centaur (3 damage)
             ... on level 3 of the Dungeon.
             The game lasted 00:04:57 (2224 turns).

Magifyre the Chopper (Gargoyle Berserker)           Turns: 2224, Time: 00:04:58

Health: -2/42      AC:  6    Str: 26    XL:     4   Next: 27%
Magic:  4/4        EV: 12    Int:  8    God:    Trog [**....]
Gold:   152        SH:  0    Dex:  9    Spells: 0 memorised, 3 levels left

rFire  . . .     SeeInvis .     a - +0 hand axe
rCold  . . .     Gourm    .     f - +0 robe
rNeg   + . .     Faith    .     (no shield)
rPois  ∞         Spirit   .     e - +0 helmet (curse)
rElec  +         Dismiss  .     (no cloak)
rCorr  .         Reflect  .     (no gloves)
SustAt .         Harm     .     (no boots)
MR     .....                    (no amulet)
Stlth  ..........               (no ring)
                                (no ring)

@: berserking, very quick, not resistant to hostile enchantments, extremely
unstealthy
A: negative energy resistance 1, electricity resistance, unbreathing,
petrification resistance, rot immunity, AC +3
a: Berserk, Trog's Hand, Burn Spellbooks, Renounce Religion


You were on level 3 of the Dungeon.
You worshipped Trog.
Trog was pleased with you.
You were not hungry.

You visited 1 branch of the dungeon, and saw 3 of its levels.

You collected 152 gold pieces.

Inventory:

Hand Weapons
 a - a +0 hand axe (weapon)
Armour
 e - a cursed +0 helmet (worn)
 f - a +0 robe (worn)
Scrolls
 b - 2 scrolls of random uselessness {unknown}
Potions
 h - 2 potions of might
 j - 2 potions of curing {unknown}
 k - a potion of haste {unknown}
Comestibles
 c - 2 bread rations
 d - a fruit
 g - 2 meat rations
 i - 5 chunks of flesh


   Skills:
 - Level 3.2 Fighting
 + Level 4.5 Axes
 - Level 2.1 Armour
 - Level 1.5 Dodging


You had 3 spell levels left.
You didn't know any spells.

Dungeon Overview and Level Annotations

Branches:
Dungeon (3/15)

Altars:
Ashenzari
Gozag
Yredelemnul


Innate Abilities, Weirdness & Mutations

You are resistant to torment.
Your stone body is resilient. (AC +3)
You are immune to poison.
You resist negative energy. (rN+)
You are resistant to electric shocks. (rElec)
You can survive without breathing.
You are immune to petrification.
You are immune to rotting.


Message History

A red film seems to cover your vision as you go berserk!
You feel yourself moving faster!
You feel mighty!
You feel somewhat more hungry.
The centaur shoots an arrow.
The arrow hits you.
* * * LOW HITPOINT WARNING * * *
You are too injured to fight recklessly!
You are too injured to fight recklessly!
You are too injured to fight recklessly!
You are too injured to fight recklessly!
You feel a strong urge to attack something.
The centaur unwields an uncursed shortbow.
The centaur hits you.
* * * LOW HITPOINT WARNING * * *
You slash the centaur!
The centaur is severely wounded.
The centaur hits you.
* * * LOW HITPOINT WARNING * * *
You completely miss the centaur.
The centaur is severely wounded.
The centaur hits you.
You die...

###### #....# #....#
#####....#
#......c.# #..@.####
##(#....# #(#....#
#### #.#....#
....... #......#
....... ##......#
.......## #...##.##
........# #......#
..<.....#####.....##


You could see a centaur.

Vanquished Creatures
  3 adders (D:2)
  A worm (D:2)
  2 dart slugs
  4 bats
  3 giant cockroaches
  5 goblins
  5 hobgoblins
  3 quokkas
  3 giant newts
  5 kobolds
  3 rats
  2 plants (D:2)
39 creatures vanquished.

Notes
Turn   | Place    | Note
-------+----------+-------------------------------------------
     0 | D:1      | Magifyre the Gargoyle Berserker began the quest for the Orb.
     0 | D:1      | Reached XP level 1. HP: 14/14 MP: 1/1
   237 | D:1      | Reached skill level 3 in Axes
   380 | D:1      | Reached XP level 2. HP: 15/19 MP: 2/2
   950 | D:2      | Found a shattered altar of Ashenzari.
  1018 | D:2      | Found an opulent altar of Gozag.
  1018 | D:2      | Found a basalt altar of Yredelemnul.
  1199 | D:2      | Reached XP level 3. HP: 8/23 MP: 3/3
  1605 | D:2      | Reached skill level 4 in Axes
  1721 | D:2      | Reached XP level 4. HP: 25/28 MP: 4/4
  1951 | D:2      | Reached ** piety under Trog
  2217 | D:3      | Noticed a centaur
  2223 | D:3      | HP: 1/42 [centaur (4)]
  2224 | D:3      | Slain by a centaur

Vault maps used:
D:1:      dpeg_arrival_ternary
D:2:      gammafunk_temple_overflow_forgotten
D:3:      uniq_iyjb

Skill      XL: |  1  2  3 |
---------------+----------+-----
Axes           | 3 4 |  4.5
Fighting       | |  3.2
Armour         | |  2.1
Dodging        | |  1.5

Action                   |  1- 3 |  4- 6 || total
-------------------------+-------+-------++-------
Melee: Hand axe          |   215 |    35 ||   250
Invok: Berserk           |     1 |     1 ||     2
  Use: Scroll            |     3 |       ||     3
  Eat: Chunk             |     4 |     2 ||     6
Armor: Animal skin       |     8 |       ||     8
       Skin              |     1 |       ||     1
       Robe              |    28 |    11 ||    39
Dodge: Dodged            |    71 |    28 ||    99
